Jets vs Red Wings (R1)

Created - 6 mai 2016 at 19:03

Goals
1 2 3 OT1 T
Jets 1 1 3 0 5
Red Wings 0 1 4 1 6
Shots
1 2 3 OT1 T
Jets 9 11 14 5 39
Red Wings 6 7 10 1 24

1st period

1. Jets , Benoit Pouliot 1 (Dustin Brown, Derek Roy) at 11:08

Penalties :
Daniel Sedin (Win) for Hooking (Minor) at 11:43

2nd period

2. Jets , Derek Roy 1 (Benoit Pouliot) at 1:07 (PP)
3. Red Wings , Ales Hemsky 1 (Mike Richards, Sean Bergenheim) at 15:31

Penalties :
Maxim Kondratiev (Det) for Hooking (Minor) at 0:58, Dustin Brown (Win) for High sticking (Minor) at 6:15, Alex Picard (Det) for Hooking (Minor) at 10:42, Rick Nash (Det) for Slashing (Minor) at 16:06

3rd period

4. Red Wings , Rick Nash 1 (Jason Spezza) at 0:06
5. Red Wings , Jason Spezza 1 (Rick Nash, Martin Havlat) at 1:27 (PP)
6. Red Wings , Rick Nash 2 (Martin Havlat, Christian Backman) at 5:45
7. Jets , Tomas Kopecky 1 (Jussi Jokinen, Mikko Koivu) at 6:40
8. Jets , Derek Roy 2 (Benoit Pouliot, Anton Volchenkov) at 6:54
9. Red Wings , Martin Havlat 1 (Jason Spezza, Rick Nash) at 9:55 (PP)
10. Jets , Daniel Sedin 1 (Fredrik Sjostrom) at 11:34 (SH)

Penalties :
Fredrik Sjostrom (Win) for Hooking (Minor) at 1:15, Dustin Brown (Win) for Holding (Minor) at 8:59, Dustin Brown (Win) for Interference (Minor) at 10:06, Richard Jackman (Det) for Roughing (Minor) at 12:27, Shea Weber (Det) for Hooking (Minor) at 14:39

Overtime #1

11. Red Wings , Rick Nash 3 (Jason Spezza, Martin Havlat) at 6:22

Penalties :
Paul Martin (Det) for Attempt to injure (Major / Game Misconduct) at 0:38

Goalie Stats

Ilya Bryzgalov (Win), 6 saves from 8 shots - (0,750), OTL, 0-0-1, 20:37 minutes
Kari Lehtonen (Win), 12 saves from 16 shots - (0,750), 45:45 minutes
Jonathan Quick (Det), 34 saves from 39 shots - (0,872), W, 1-0-0, 66:22 minutes

Players Stats for Jets

Player Name              G  A  P  +/- PIM S  H  SB GA TA FO     MP     PP MP  PK MP  
------------------------------------------------------------------------------------
Adam Pardy               0  0  0   0  0   1  1  5  0  1  0/0    17:56   0:56   4:30 
Anton Volchenkov         0  1  1   0  0   1  0  0  0  1  0/0    21:16   5:26   2:35 
Benoit Pouliot           1  2  3   1  0   8  0  0  1  0  0/0    22:14   6:16   0:27 
Blair Betts              0  0  0  -1  0   1  0  0  0  0  0/1     7:28   0:17   0:24 
Blake Wheeler            0  0  0  -1  0   2  2  0  0  0  1/2    22:47   5:28   4:45 
Brendan Bell             0  0  0  -1  0   1  1  3  0  0  0/0    21:35   0:52   2:35 
Chris Phillips           0  0  0   1  0   0  3  1  1  0  0/0    20:45   5:26   0:00 
Daniel Sedin             1  0  1   0  2   2  1  0  0  0  2/4    19:26   5:16   1:23 
Derek Roy                2  1  3   1  0   4  3  0  1  1  24/44  26:13   6:19   4:45 
Dmitri Kalinin           0  0  0   1  0   4  2  1  1  0  0/0    31:29   6:52   4:30 
Dustin Brown             0  1  1   1  6   5  2  0  0  1  1/4    22:38   6:16   0:30 
Eric Fehr                0  0  0  -1  0   1  1  0  0  0  0/0     8:56   1:10   0:00 
Fredrik Sjostrom         0  1  1   0  2   1  1  0  0  0  0/0    10:14   0:32   1:56 
Jussi Jokinen            0  1  1   0  0   2  2  0  0  0  0/0    12:06   1:00   0:00 
Kevin Klein              0  0  0  -1  0   0  0  2  1  0  0/0    19:53   6:46   0:00 
Mikko Koivu              0  1  1  -1  0   5  4  0  0  0  2/9    17:49   5:25   0:00 
Tomas Kopecky            1  0  1   0  0   1  2  0  1  0  0/1    12:01   1:03   0:00 
Zack Hamill              0  0  0   0  0   0  0  0  0  0  2/3     9:54   0:00   0:00 

Players Stats for Red Wings

Player Name              G  A  P  +/- PIM S  H  SB GA TA FO     MP     PP MP  PK MP  
------------------------------------------------------------------------------------
Ales Hemsky              1  0  1   1  0   3  1  0  0  0  0/1    17:03   2:53   0:00 
Alex Picard              0  0  0  -1  2   1  0  0  0  0  0/1    14:17   0:00   2:28 
Carson Mcmillan          0  0  0   0  0   0  0  0  0  0  0/0     4:49   0:00   0:00 
Christian Backman        0  1  1   1  0   0  0  0  0  0  0/0     7:38   0:00   2:07 
Jason Spezza             1  3  4  -1  0   1  2  2  0  0  20/42  28:42   4:12   6:25 
Martin Havlat            1  3  4   0  0   3  0  1  1  0  2/3    22:58   4:12   3:07 
Maxim Kondratiev         0  0  0   0  2   0  1  1  0  1  0/0    21:52   2:39   4:53 
Mike Brown               0  0  0  -1  0   4  0  0  1  0  0/0    10:59   0:00   0:00 
Mike Richards            0  1  1   1  0   0  2  0  0  0  9/13   21:40   2:53   4:20 
Nate Thompson            0  0  0  -1  0   2  1  0  0  0  3/4    13:31   0:00   0:43 
Nathan Oystrick          0  0  0  -1  0   1  2  2  0  1  0/0    14:24   0:00   3:24 
Ossi Vaananen            0  0  0  -1  0   0  1  1  0  0  0/0    11:40   0:00   0:40 
Paul Martin              0  0  0   0  15  0  0  0  2  1  0/0    25:47   4:26   5:05 
Richard Jackman          0  0  0   0  2   1  1  0  0  1  0/0    19:52   2:39   3:41 
Rick Nash                3  2  5   0  2   5  1  0  0  0  1/3    25:18   4:12   5:22 
Robert Dome              0  0  0   1  0   0  1  0  0  2  0/0     8:57   0:00   3:04 
Sean Bergenheim          0  1  1   1  0   1  1  0  0  0  1/1    17:20   2:53   0:39 
Shea Weber               0  0  0   1  2   2  3  0  0  0  0/0    31:53   4:26   6:18 

3 Stars

1 - Rick Nash (Det)
2 - Derek Roy (Win)
3 - Jason Spezza (Det)

Power Play

Jets - 1 on 6 Attempt(s) - 16,67%
Red Wings - 2 on 5 Attempt(s) - 40,00%

Penalty Kill

Jets - 3 on 5 Attempt(s) - 60,00% - Score 1 goal in Penalty Kill
Red Wings - 5 on 6 Attempt(s) - 83,33% - Score 0 goal in Penalty Kill

Team Stat

Jets - Hits : 25 - Faceoff Wins : 32 - Blocked Shots : 12 - Penalty Minutes : 10
Red Wings - Hits : 17 - Faceoff Wins : 36 - Blocked Shots : 7 - Penalty Minutes : 25

Official

Referees : Walsh Ian and Furlatt Eric
Linesman : Lonnie Cameron and Dan Schachte

Game Notes

Ilya Bryzgalov enters game at 5:45 of 3rd period
Paul Martin ejected from game at 0:38 of 1st overtime period
Rick Nash has scored a Hat Trick!

Finance

Level 1 -- Attendance: 6000 (100,00%) -- Ticket Income 450 000 $
Level 2 -- Attendance: 5000 (100,00%) -- Ticket Income 225 000 $
Level 3 -- Attendance: 2000 (100,00%) -- Ticket Income 50 000 $
Level 4 -- Attendance: 4000 (100,00%) -- Ticket Income 72 000 $
Luxury Box -- Attendance: 1000 (100,00%) -- Ticket Income 150 000 $
Game was played at the Joe Louis Arena.
Total Attendance: 18000 (100,00%)
Total Ticket Income: 947 000 $
Other Income: 142 050 $
Total Income: 1 089 050 $

Jets

5 vs 5 Forward 
   Center                   Left Wing                Right Wing               Time % Phy DF OF 
 1 Derek Roy                Benoit Pouliot           Dustin Brown             40     1   2  2  
 2 Mikko Koivu              Daniel Sedin             Blake Wheeler            30     1   2  2  
 3 Zack Hamill              Jussi Jokinen            Tomas Kopecky            20     1   2  2  
 4 Blair Betts              Fredrik Sjostrom         Eric Fehr                10     1   2  2  

5 vs 5 Defense 
   Defense                  Defense                                           Time % Phy DF OF 
 1 Dmitri Kalinin           Brendan Bell                                      40     1   2  2  
 2 Anton Volchenkov         Chris Phillips                                    30     1   2  2  
 3 Kevin Klein              Adam Pardy                                        20     1   2  2  
 4 Dmitri Kalinin           Chris Phillips                                    10     1   2  2  

PowerPlay Forward 
   Center                   Left Wing                Right Wing               Time % Phy DF OF 
 1 Derek Roy                Benoit Pouliot           Dustin Brown             60     1   2  2  
 2 Mikko Koivu              Daniel Sedin             Blake Wheeler            40     1   2  2  

PowerPlay Defense
   Defense                  Defense                                           Time % Phy DF OF 
 1 Dmitri Kalinin           Kevin Klein                                       60     1   2  2  
 2 Anton Volchenkov         Chris Phillips                                    40     1   2  2  

Penalty Kill 4 Players Forward 
   Center                   Wing                     Time % Phy DF OF 
 1 Derek Roy                Blake Wheeler            60     1   2  2  
 2 Daniel Sedin             Dustin Brown             40     1   2  2  

Penalty Kill 4 Players Defense
   Defense                  Defense                  Time % Phy DF OF 
 1 Dmitri Kalinin           Adam Pardy               60     1   2  2  
 2 Anton Volchenkov         Brendan Bell             40     1   2  2  

Penalty Kill - 3 Players Forward 
   Forward                                           Time % Phy DF OF 
 1 Blake Wheeler                                     60     1   2  2  
 2 Derek Roy                                         40     1   2  2  

Penalty Kill - 3 Players Defense
   Defense                  Defense                  Time % Phy DF OF 
 1 Dmitri Kalinin           Chris Phillips           60     1   2  2  
 2 Anton Volchenkov         Brendan Bell             40     1   2  2  

4 vs 4 Forward 
   Center                   Wing                     Time % Phy DF OF 
 1 Benoit Pouliot           Derek Roy                60     1   2  2  
 2 Daniel Sedin             Dustin Brown             40     1   2  2  

4 vs 4 Defense
   Defense                  Defense                  Time % Phy DF OF 
 1 Dmitri Kalinin           Kevin Klein              60     1   2  2  
 2 Anton Volchenkov         Brendan Bell             40     1   2  2  

Last Minutes Offensive
   Center                   Left Wing                Right Wing               Defense                  Defense                  
   Derek Roy                Benoit Pouliot           Dustin Brown             Dmitri Kalinin           Chris Phillips           

Last Minutes Defensive
   Center                   Left Wing                Right Wing               Defense                  Defense                  
   Derek Roy                Benoit Pouliot           Dustin Brown             Dmitri Kalinin           Chris Phillips           

Goaltenders
Starting : Kari Lehtonen            
Backup : Ilya Bryzgalov           

Extra Forwards
Normal : Jussi Jokinen, Tomas Kopecky, Fredrik Sjostrom - PP : Jussi Jokinen, Tomas Kopecky - PK : Fredrik Sjostrom
Extra Defensemen
Normal : Kevin Klein, Adam Pardy, Anton Volchenkov - PP : Kevin Klein - PK : Adam Pardy, Anton Volchenkov
Penalty Shots
Benoit Pouliot, Derek Roy, Daniel Sedin, Dustin Brown, Mikko Koivu

Red Wings

5 vs 5 Forward 
   Center                   Left Wing                Right Wing               Time % Phy DF OF 
 1 Jason Spezza             Rick Nash                Martin Havlat            40     1   2  2  
 2 Mike Richards            Sean Bergenheim          Ales Hemsky              30     1   2  2  
 3 Nate Thompson            Alex Picard              Mike Brown               20     1   2  2  
 4 Jason Spezza             Robert Dome              Carson Mcmillan          10     1   2  2  

5 vs 5 Defense 
   Defense                  Defense                                           Time % Phy DF OF 
 1 Shea Weber               Paul Martin                                       40     1   2  2  
 2 Richard Jackman          Maxim Kondratiev                                  30     1   2  2  
 3 Ossi Vaananen            Nathan Oystrick                                   20     1   2  2  
 4 Christian Backman        Shea Weber                                        10     1   2  2  

PowerPlay Forward 
   Center                   Left Wing                Right Wing               Time % Phy DF OF 
 1 Jason Spezza             Rick Nash                Martin Havlat            60     1   2  2  
 2 Mike Richards            Sean Bergenheim          Ales Hemsky              40     1   2  2  

PowerPlay Defense
   Defense                  Defense                                           Time % Phy DF OF 
 1 Shea Weber               Paul Martin                                       60     1   2  2  
 2 Richard Jackman          Maxim Kondratiev                                  40     1   2  2  

Penalty Kill 4 Players Forward 
   Center                   Wing                     Time % Phy DF OF 
 1 Jason Spezza             Rick Nash                60     1   2  2  
 2 Mike Richards            Martin Havlat            40     1   2  2  

Penalty Kill 4 Players Defense
   Defense                  Defense                  Time % Phy DF OF 
 1 Shea Weber               Paul Martin              60     1   2  2  
 2 Richard Jackman          Maxim Kondratiev         40     1   2  2  

Penalty Kill - 3 Players Forward 
   Forward                                           Time % Phy DF OF 
 1 Jason Spezza                                      60     1   2  2  
 2 Rick Nash                                         40     1   2  2  

Penalty Kill - 3 Players Defense
   Defense                  Defense                  Time % Phy DF OF 
 1 Shea Weber               Paul Martin              60     1   2  2  
 2 Richard Jackman          Maxim Kondratiev         40     1   2  2  

4 vs 4 Forward 
   Center                   Wing                     Time % Phy DF OF 
 1 Jason Spezza             Rick Nash                60     1   2  2  
 2 Mike Richards            Martin Havlat            40     1   2  2  

4 vs 4 Defense
   Defense                  Defense                  Time % Phy DF OF 
 1 Shea Weber               Paul Martin              60     1   2  2  
 2 Richard Jackman          Maxim Kondratiev         40     1   2  2  

Last Minutes Offensive
   Center                   Left Wing                Right Wing               Defense                  Defense                  
   Jason Spezza             Rick Nash                Martin Havlat            Shea Weber               Paul Martin              

Last Minutes Defensive
   Center                   Left Wing                Right Wing               Defense                  Defense                  
   Jason Spezza             Rick Nash                Martin Havlat            Shea Weber               Paul Martin              

Goaltenders
Starting : Jonathan Quick           
Backup : Mike McKenna             

Extra Forwards
Normal : Nate Thompson, Alex Picard, Robert Dome - PP : Nate Thompson, Alex Picard - PK : Robert Dome
Extra Defensemen
Normal : Ossi Vaananen, Nathan Oystrick, Christian Backman - PP : Ossi Vaananen - PK : Nathan Oystrick, Christian Backman
Penalty Shots
Jason Spezza, Rick Nash, Mike Richards, Martin Havlat, Sean Bergenheim

% Time on Ice - Jets

Lines # - Real PCT - Wanted PCT - Time Play
Normal Forward
1 - 33% - 40% - 15:26
2 - 31% - 30% - 14:27
3 - 21% - 20% - 9:54
4 - 14% - 10% - 6:26
Normal Defense
1 - 42% - 40% - 19:16
2 - 29% - 30% - 13:15
3 - 24% - 20% - 11:09
4 - 6% - 10% - 2:33
PP Forward
1 - 59% - 60% - 7:39
2 - 41% - 40% - 5:25
PP Defense
1 - 58% - 60% - 7:38
2 - 42% - 40% - 5:26
PK Forward
1 - 73% - 60% - 5:12
2 - 27% - 40% - 1:53
PK Defense
1 - 64% - 60% - 4:30
2 - 36% - 40% - 2:35
PK3 Forward
1 - 0% - 60%
2 - 0% - 40%
PK3 Defense
1 - 0% - 60%
2 - 0% - 40%
44 Forward
1 - 0% - 60%
2 - 0% - 40%
44 Defense
1 - 0% - 60%
2 - 0% - 40%
Last Minute Offensive  - 0:00
Last Minute Defensive  - 0:00
Total
Forward - 66:22
Defense - 66:22

% Time on Ice - Red Wings

Lines # - Real PCT - Wanted PCT - Time Play
Normal Forward
1 - 35% - 40% - 16:22
2 - 31% - 30% - 14:11
3 - 23% - 20% - 10:51
4 - 10% - 10% - 4:49
Normal Defense
1 - 37% - 40% - 17:02
2 - 29% - 30% - 13:25
3 - 24% - 20% - 11:00
4 - 10% - 10% - 4:46
PP Forward
1 - 59% - 60% - 4:12
2 - 41% - 40% - 2:53
PP Defense
1 - 63% - 60% - 4:26
2 - 37% - 40% - 2:39
PK Forward
1 - 76% - 60% - 9:57
2 - 24% - 40% - 3:07
PK Defense
1 - 68% - 60% - 8:50
2 - 32% - 40% - 4:14
PK3 Forward
1 - 0% - 60%
2 - 0% - 40%
PK3 Defense
1 - 0% - 60%
2 - 0% - 40%
44 Forward
1 - 0% - 60%
2 - 0% - 40%
44 Defense
1 - 0% - 60%
2 - 0% - 40%
Last Minute Offensive  - 0:00
Last Minute Defensive  - 0:00
Total
Forward - 66:22
Defense - 66:22

Play by Play

1st period


0:01 of 1st period - Jason Spezza wins face-off versus Derek Roy in neutral zone.
0:12 of 1st period - Snap shot by Derek Roy.
0:12 of 1st period - Shot Misses the Net.
0:57 of 1st period - Wrist shot by Blair Betts.
0:57 of 1st period - Stopped by Jonathan Quick with a rebound.
1:13 of 1st period - Maxim Kondratiev is hit by Tomas Kopecky.
1:17 of 1st period - Wrist shot by Robert Dome.
1:17 of 1st period - Shot Misses the Net.
1:19 of 1st period - Slapshot by Maxim Kondratiev.
1:19 of 1st period - Shot Blocked by Adam Pardy.
1:21 of 1st period - Slapshot by Maxim Kondratiev.
1:21 of 1st period - Shot Blocked by Kevin Klein.
2:41 of 1st period - Snap shot by Tomas Kopecky.
2:41 of 1st period - Shot Misses the Net.
2:50 of 1st period - Icing by Brendan Bell.
2:51 of 1st period - Jason Spezza wins face-off versus Derek Roy in Jets zone.
2:52 of 1st period - Snap shot by Robert Dome.
2:52 of 1st period - Shot Misses the Net.
3:02 of 1st period - Snap shot by Derek Roy.
3:02 of 1st period - Shot Misses the Net.
3:22 of 1st period - Slapshot by Mikko Koivu.
3:22 of 1st period - Stopped by Jonathan Quick with a rebound.
3:28 of 1st period - Snap shot by Mike Brown.
3:28 of 1st period - Stopped by Kari Lehtonen with a rebound.
4:13 of 1st period - Snap shot by Dustin Brown.
4:13 of 1st period - Stopped by Jonathan Quick with a rebound.
4:15 of 1st period - Wrist shot by Benoit Pouliot.
4:15 of 1st period - Shot Misses the Net.
4:17 of 1st period - Backhand shot by Brendan Bell.
4:17 of 1st period - Stopped by Jonathan Quick with a rebound.
4:19 of 1st period - Slapshot by Brendan Bell.
4:19 of 1st period - Shot Blocked by Ossi Vaananen.
5:14 of 1st period - Off-side.
5:15 of 1st period - Nate Thompson wins face-off versus Derek Roy in neutral zone.
5:26 of 1st period - Wrist shot by Derek Roy.
5:26 of 1st period - Shot Misses the Net.
5:47 of 1st period - Slapshot by Mike Richards.
5:47 of 1st period - Shot Misses the Net.
5:49 of 1st period - Slapshot by Richard Jackman.
5:49 of 1st period - Stopped by Kari Lehtonen with a rebound.
5:51 of 1st period - Slapshot by Maxim Kondratiev.
5:51 of 1st period - Shot Blocked by Kevin Klein.
6:37 of 1st period - Snap shot by Ales Hemsky.
6:37 of 1st period - Shot Misses the Net.
6:39 of 1st period - Wrist shot by Sean Bergenheim.
6:39 of 1st period - Stopped by Kari Lehtonen with a rebound.
7:13 of 1st period - Martin Havlat is hit by Chris Phillips and loses puck.
7:26 of 1st period - Sean Bergenheim is hit by Fredrik Sjostrom.
7:55 of 1st period - Anton Volchenkov is hit by Ossi Vaananen and loses puck.
8:40 of 1st period - Wrist shot by Tomas Kopecky.
8:40 of 1st period - Shot Misses the Net.
8:42 of 1st period - Slapshot by Dmitri Kalinin.
8:42 of 1st period - Shot Blocked by Maxim Kondratiev.
9:00 of 1st period - Wrist shot by Nate Thompson.
9:00 of 1st period - Deflect By Mike Brown.
9:00 of 1st period - Stopped by Kari Lehtonen with a rebound.
9:02 of 1st period - Snap shot by Nate Thompson.
9:02 of 1st period - Shot Blocked by Dmitri Kalinin.
9:16 of 1st period - Snap shot by Mike Richards.
9:16 of 1st period - Shot Misses the Net.
9:46 of 1st period - Snap shot by Jussi Jokinen.
9:46 of 1st period - Shot Misses the Net.
9:48 of 1st period - Backhand shot by Jussi Jokinen.
9:48 of 1st period - Shot Misses the Net.
9:50 of 1st period - Slapshot by Dmitri Kalinin.
9:50 of 1st period - Stopped by Jonathan Quick without a rebound.
9:51 of 1st period - Derek Roy wins face-off versus Alex Picard in Red Wings zone.
9:54 of 1st period - Slapshot by Dustin Brown.
9:54 of 1st period - Stopped by Jonathan Quick without a rebound.
9:55 of 1st period - Derek Roy wins face-off versus Jason Spezza in Red Wings zone.
10:02 of 1st period - Shea Weber is hit by Adam Pardy and loses puck.
10:21 of 1st period - Slapshot by Benoit Pouliot.
10:21 of 1st period - Shot Hit the Post.
10:35 of 1st period - Blake Wheeler is hit by Mike Richards and loses puck.
10:52 of 1st period - Snap shot by Alex Picard.
10:52 of 1st period - Deflect By Nate Thompson.
10:52 of 1st period - Stopped by Kari Lehtonen without a rebound.
10:53 of 1st period - Derek Roy wins face-off versus Martin Havlat in Jets zone.
11:08 of 1st period - Snap shot by Benoit Pouliot.
11:08 of 1st period - Goal by Benoit Pouliot - Jets : 1 - Red Wings : 0.
11:09 of 1st period - Jason Spezza wins face-off versus Derek Roy in neutral zone.
11:43 of 1st period - Minor Penalty to Daniel Sedin for Hooking.
11:44 of 1st period - Derek Roy wins face-off versus Jason Spezza in Jets zone.
13:43 of 1st period - Penalty to Daniel Sedin is over, Daniel Sedin is back on ice.
13:46 of 1st period - Shea Weber is hit by Dustin Brown and loses puck.
13:59 of 1st period - Anton Volchenkov is hit by Nate Thompson and loses puck.
15:32 of 1st period - Richard Jackman is hit by Chris Phillips and loses puck.
16:10 of 1st period - Shea Weber is hit by Derek Roy and loses puck.
17:19 of 1st period - Maxim Kondratiev is hit by Eric Fehr and loses puck.
17:36 of 1st period - Adam Pardy is hit by Jason Spezza and loses puck.
18:00 of 1st period - Snap shot by Jussi Jokinen.
18:00 of 1st period - Stopped by Jonathan Quick with a rebound.
18:02 of 1st period - Wrist shot by Tomas Kopecky.
18:02 of 1st period - Shot Blocked by Nathan Oystrick.
18:41 of 1st period - Icing by Sean Bergenheim.
18:42 of 1st period - Jason Spezza wins face-off versus Blair Betts in Red Wings zone.
19:08 of 1st period - Wrist shot by Mike Brown.
19:08 of 1st period - Stopped by Kari Lehtonen without a rebound.
19:09 of 1st period - Derek Roy wins face-off versus Mike Richards in Jets zone.
19:18 of 1st period - Snap shot by Benoit Pouliot.
19:18 of 1st period - Shot Misses the Net.
19:24 of 1st period - Snap shot by Derek Roy.
19:24 of 1st period - Shot Misses the Net.
19:26 of 1st period - Snap shot by Anton Volchenkov.
19:26 of 1st period - Deflect By Shea Weber.
19:26 of 1st period - Stopped by Jonathan Quick with a rebound.
Goals for this period are 1 for Jets vs 0 for Red Wings.
Shots for this period are 9 for Jets vs 6 for Red Wings.

2nd period


0:01 of 2nd period - Jason Spezza wins face-off versus Dustin Brown in neutral zone.
0:28 of 2nd period - Sean Bergenheim is hit by Mikko Koivu and loses puck.
0:39 of 2nd period - Snap shot by Mikko Koivu.
0:39 of 2nd period - Stopped by Jonathan Quick without a rebound.
0:40 of 2nd period - Zack Hamill wins face-off versus Jason Spezza in Red Wings zone.
0:58 of 2nd period - Minor Penalty to Maxim Kondratiev for Hooking.
0:59 of 2nd period - Dustin Brown wins face-off versus Rick Nash in Red Wings zone.
1:03 of 2nd period - Wrist shot by Dustin Brown.
1:03 of 2nd period - Stopped by Jonathan Quick without a rebound.
1:04 of 2nd period - Derek Roy wins face-off versus Jason Spezza in Red Wings zone.
1:05 of 2nd period - Snap shot by Benoit Pouliot.
1:05 of 2nd period - Shot Misses the Net.
1:07 of 2nd period - Wrist shot by Derek Roy.
1:07 of 2nd period - Goal by Derek Roy - Jets : 2 - Red Wings : 0.
1:08 of 2nd period - Derek Roy wins face-off versus Jason Spezza in neutral zone.
1:11 of 2nd period - Snap shot by Dmitri Kalinin.
1:11 of 2nd period - Shot Blocked by Jason Spezza.
2:02 of 2nd period - Snap shot by Blair Betts.
2:02 of 2nd period - Deflect By Fredrik Sjostrom.
2:02 of 2nd period - Shot Misses the Net.
2:02 of 2nd period - Puck is out of play.
2:03 of 2nd period - Martin Havlat wins face-off versus Dustin Brown in Red Wings zone.
2:20 of 2nd period - Snap shot by Martin Havlat.
2:20 of 2nd period - Stopped by Kari Lehtonen without a rebound.
2:21 of 2nd period - Sean Bergenheim wins face-off versus Mikko Koivu in Jets zone.
2:56 of 2nd period - Ossi Vaananen is hit by Derek Roy and loses puck.
3:17 of 2nd period - Slapshot by Mike Brown.
3:17 of 2nd period - Stopped by Kari Lehtonen without a rebound.
3:18 of 2nd period - Mike Richards wins face-off versus Derek Roy in Jets zone.
3:21 of 2nd period - Wrist shot by Ales Hemsky.
3:21 of 2nd period - Stopped by Kari Lehtonen with a rebound.
3:28 of 2nd period - Slapshot by Benoit Pouliot.
3:28 of 2nd period - Stopped by Jonathan Quick with a rebound.
3:30 of 2nd period - Snap shot by Dustin Brown.
3:30 of 2nd period - Shot Misses the Net.
3:32 of 2nd period - Slapshot by Derek Roy.
3:32 of 2nd period - Shot Misses the Net.
3:34 of 2nd period - Wrist shot by Dustin Brown.
3:34 of 2nd period - Stopped by Jonathan Quick with a rebound.
5:06 of 2nd period - Slapshot by Rick Nash.
5:06 of 2nd period - Shot Misses the Net.
6:00 of 2nd period - Wrist shot by Derek Roy.
6:00 of 2nd period - Shot Misses the Net.
6:02 of 2nd period - Slapshot by Adam Pardy.
6:02 of 2nd period - Deflect By Benoit Pouliot.
6:02 of 2nd period - Shot Misses the Net.
6:02 of 2nd period - Puck is out of play.
6:03 of 2nd period - Jason Spezza wins face-off versus Derek Roy in Red Wings zone.
6:15 of 2nd period - Minor Penalty to Dustin Brown for High sticking.
6:16 of 2nd period - Jason Spezza wins face-off versus Derek Roy in Jets zone.
6:18 of 2nd period - Snap shot by Martin Havlat.
6:18 of 2nd period - Deflect By Rick Nash.
6:18 of 2nd period - Shot Misses the Net.
6:18 of 2nd period - Puck is out of play.
6:19 of 2nd period - Blake Wheeler wins face-off versus Jason Spezza in Jets zone.
6:19 of 2nd period - Blake Wheeler is hit by Shea Weber.
6:27 of 2nd period - Jason Spezza is hit by Dmitri Kalinin and loses puck.
6:36 of 2nd period - Slapshot by Shea Weber.
6:36 of 2nd period - Stopped by Kari Lehtonen with a rebound.
7:57 of 2nd period - Icing by Shea Weber.
7:58 of 2nd period - Mike Richards wins face-off versus Derek Roy in Red Wings zone.
8:15 of 2nd period - Penalty to Dustin Brown is over, Dustin Brown is back on ice.
8:34 of 2nd period - Maxim Kondratiev is hit by Jussi Jokinen and loses puck.
9:49 of 2nd period - Slapshot by Eric Fehr.
9:49 of 2nd period - Stopped by Jonathan Quick with a rebound.
10:16 of 2nd period - Nate Thompson is hit by Brendan Bell and loses puck.
10:20 of 2nd period - Icing by Shea Weber.
10:21 of 2nd period - Nate Thompson wins face-off versus Derek Roy in Red Wings zone.
10:21 of 2nd period - Maxim Kondratiev is hit by Chris Phillips and loses puck.
10:34 of 2nd period - Snap shot by Dustin Brown.
10:34 of 2nd period - Shot Misses the Net.
10:36 of 2nd period - Snap shot by Derek Roy.
10:36 of 2nd period - Stopped by Jonathan Quick with a rebound.
10:42 of 2nd period - Minor Penalty to Alex Picard for Hooking.
10:43 of 2nd period - Derek Roy wins face-off versus Jason Spezza in Red Wings zone.
11:10 of 2nd period - Paul Martin is hit by Daniel Sedin and loses puck.
11:35 of 2nd period - Snap shot by Mike Richards.
11:35 of 2nd period - Shot Misses the Net.
12:42 of 2nd period - Penalty to Alex Picard is over, Alex Picard is back on ice.
13:49 of 2nd period - Martin Havlat is hit by Blake Wheeler and loses puck.
14:17 of 2nd period - Icing by Nathan Oystrick.
14:18 of 2nd period - Derek Roy wins face-off versus Nate Thompson in Red Wings zone.
14:52 of 2nd period - Wrist shot by Nate Thompson.
14:52 of 2nd period - Shot Blocked by Adam Pardy.
14:54 of 2nd period - Snap shot by Alex Picard.
14:54 of 2nd period - Stopped by Kari Lehtonen without a rebound.
14:55 of 2nd period - Jason Spezza wins face-off versus Dustin Brown in Jets zone.
15:09 of 2nd period - Richard Jackman is hit by Dustin Brown and loses puck.
15:22 of 2nd period - Blake Wheeler is hit by Ales Hemsky and loses puck.
15:31 of 2nd period - Wrist shot by Ales Hemsky.
15:31 of 2nd period - Goal by Ales Hemsky - Jets : 2 - Red Wings : 1.
15:32 of 2nd period - Derek Roy wins face-off versus Jason Spezza in neutral zone.
15:47 of 2nd period - Wrist shot by Rick Nash.
15:47 of 2nd period - Stopped by Kari Lehtonen without a rebound.
15:48 of 2nd period - Mike Richards wins face-off versus Mikko Koivu in Jets zone.
15:59 of 2nd period - Wrist shot by Blake Wheeler.
15:59 of 2nd period - Shot Misses the Net.
16:01 of 2nd period - Wrist shot by Blake Wheeler.
16:01 of 2nd period - Shot Misses the Net.
16:03 of 2nd period - Slapshot by Dmitri Kalinin.
16:03 of 2nd period - Deflect By Shea Weber.
16:03 of 2nd period - Stopped by Jonathan Quick without a rebound.
16:04 of 2nd period - Jason Spezza wins face-off versus Derek Roy in Red Wings zone.
16:06 of 2nd period - Minor Penalty to Rick Nash for Slashing.
16:07 of 2nd period - Derek Roy wins face-off versus Jason Spezza in Red Wings zone.
17:08 of 2nd period - Alex Picard is hit by Blake Wheeler and loses puck.
17:31 of 2nd period - Shea Weber is hit by Derek Roy and loses puck.
18:06 of 2nd period - Penalty to Rick Nash is over, Rick Nash is back on ice.
18:18 of 2nd period - Slapshot by Nathan Oystrick.
18:18 of 2nd period - Deflect By Rick Nash.
18:18 of 2nd period - Shot Misses the Net.
18:18 of 2nd period - Puck is out of play.
18:19 of 2nd period - Nate Thompson wins face-off versus Tomas Kopecky in Jets zone.
18:38 of 2nd period - Zack Hamill is hit by Nathan Oystrick.
18:44 of 2nd period - Nathan Oystrick is hit by Jussi Jokinen and loses puck.
18:49 of 2nd period - Wrist shot by Jussi Jokinen.
18:49 of 2nd period - Shot Blocked by Nathan Oystrick.
18:51 of 2nd period - Snap shot by Adam Pardy.
18:51 of 2nd period - Stopped by Jonathan Quick without a rebound.
18:52 of 2nd period - Mike Richards wins face-off versus Derek Roy in Red Wings zone.
18:57 of 2nd period - Derek Roy is hit by Shea Weber and loses puck.
19:22 of 2nd period - Snap shot by Daniel Sedin.
19:22 of 2nd period - Deflect By Mikko Koivu.
19:22 of 2nd period - Stopped by Jonathan Quick without a rebound.
19:23 of 2nd period - Jason Spezza wins face-off versus Blake Wheeler in Red Wings zone.
19:23 of 2nd period - Jason Spezza is hit by Dmitri Kalinin.
19:51 of 2nd period - Snap shot by Benoit Pouliot.
19:51 of 2nd period - Stopped by Jonathan Quick with a rebound.
Goals for this period are 1 for Jets vs 1 for Red Wings.
Shots for this period are 11 for Jets vs 7 for Red Wings.

3rd period


0:01 of 3rd period - Jason Spezza wins face-off versus Derek Roy in neutral zone.
0:06 of 3rd period - Backhand shot by Rick Nash.
0:06 of 3rd period - Goal by Rick Nash - Jets : 2 - Red Wings : 2.
0:07 of 3rd period - Jason Spezza wins face-off versus Derek Roy in neutral zone.
1:15 of 3rd period - Minor Penalty to Fredrik Sjostrom for Hooking.
1:16 of 3rd period - Derek Roy wins face-off versus Jason Spezza in Jets zone.
1:16 of 3rd period - Derek Roy is hit by Rick Nash.
1:27 of 3rd period - Wrist shot by Jason Spezza.
1:27 of 3rd period - Goal by Jason Spezza - Jets : 2 - Red Wings : 3.
1:28 of 3rd period - Derek Roy wins face-off versus Jason Spezza in neutral zone.
1:43 of 3rd period - Slapshot by Derek Roy.
1:43 of 3rd period - Deflect By Dustin Brown.
1:43 of 3rd period - Stopped by Jonathan Quick without a rebound.
1:44 of 3rd period - Mike Richards wins face-off versus Mikko Koivu in Red Wings zone.
1:44 of 3rd period - Mike Richards is hit by Mikko Koivu.
1:50 of 3rd period - Daniel Sedin is hit by Mike Richards and loses puck.
2:13 of 3rd period - Icing by Jason Spezza.
2:14 of 3rd period - Derek Roy wins face-off versus Jason Spezza in Red Wings zone.
2:23 of 3rd period - Brendan Bell is hit by Jason Spezza.
2:37 of 3rd period - Wrist shot by Benoit Pouliot.
2:37 of 3rd period - Shot Misses the Net.
2:47 of 3rd period - Snap shot by Benoit Pouliot.
2:47 of 3rd period - Shot Misses the Net.
3:29 of 3rd period - Wrist shot by Benoit Pouliot.
3:29 of 3rd period - Stopped by Jonathan Quick without a rebound.
3:30 of 3rd period - Mike Richards wins face-off versus Mikko Koivu in Red Wings zone.
4:28 of 3rd period - Brendan Bell is hit by Robert Dome and loses puck.
4:47 of 3rd period - Snap shot by Mikko Koivu.
4:47 of 3rd period - Stopped by Jonathan Quick with a rebound.
4:49 of 3rd period - Snap shot by Kevin Klein.
4:49 of 3rd period - Shot Misses the Net.
4:51 of 3rd period - Snap shot by Mikko Koivu.
4:51 of 3rd period - Stopped by Jonathan Quick with a rebound.
5:11 of 3rd period - Slapshot by Jason Spezza.
5:11 of 3rd period - Shot Blocked by Adam Pardy.
5:45 of 3rd period - Slapshot by Rick Nash.
5:45 of 3rd period - Goal by Rick Nash - Jets : 2 - Red Wings : 4.
5:45 of 3rd period - Ilya Bryzgalov enters game.
5:46 of 3rd period - Derek Roy wins face-off versus Ales Hemsky in neutral zone.
6:13 of 3rd period - Jason Spezza is hit by Mikko Koivu.
6:40 of 3rd period - Snap shot by Tomas Kopecky.
6:40 of 3rd period - Goal by Tomas Kopecky - Jets : 3 - Red Wings : 4.
6:41 of 3rd period - Derek Roy wins face-off versus Jason Spezza in neutral zone.
6:46 of 3rd period - Slapshot by Benoit Pouliot.
6:46 of 3rd period - Stopped by Jonathan Quick with a rebound.
6:48 of 3rd period - Wrist shot by Benoit Pouliot.
6:48 of 3rd period - Stopped by Jonathan Quick with a rebound.
6:50 of 3rd period - Slapshot by Derek Roy.
6:50 of 3rd period - Shot Misses the Net.
6:54 of 3rd period - Wrist shot by Derek Roy.
6:54 of 3rd period - Goal by Derek Roy - Jets : 4 - Red Wings : 4.
6:55 of 3rd period - Derek Roy wins face-off versus Jason Spezza in neutral zone.
7:41 of 3rd period - Adam Pardy is hit by Shea Weber and loses puck.
7:54 of 3rd period - Snap shot by Nate Thompson.
7:54 of 3rd period - Shot Blocked by Adam Pardy.
8:45 of 3rd period - Off-side.
8:46 of 3rd period - Jason Spezza wins face-off versus Derek Roy in neutral zone.
8:49 of 3rd period - Slapshot by Nathan Oystrick.
8:49 of 3rd period - Shot Blocked by Brendan Bell.
8:51 of 3rd period - Slapshot by Nathan Oystrick.
8:51 of 3rd period - Stopped by Ilya Bryzgalov with a rebound.
8:53 of 3rd period - Slapshot by Nathan Oystrick.
8:53 of 3rd period - Deflect By Martin Havlat.
8:53 of 3rd period - Shot Blocked by Brendan Bell.
8:53 of 3rd period - Puck is out of play.
8:54 of 3rd period - Mike Richards wins face-off versus Derek Roy in Jets zone.
8:57 of 3rd period - Snap shot by Ales Hemsky.
8:57 of 3rd period - Shot Blocked by Chris Phillips.
8:59 of 3rd period - Minor Penalty to Dustin Brown for Holding.
9:00 of 3rd period - Jason Spezza wins face-off versus Derek Roy in Jets zone.
9:11 of 3rd period - Snap shot by Rick Nash.
9:11 of 3rd period - Stopped by Ilya Bryzgalov without a rebound.
9:12 of 3rd period - Rick Nash wins face-off versus Derek Roy in Jets zone.
9:43 of 3rd period - Wrist shot by Ales Hemsky.
9:43 of 3rd period - Stopped by Ilya Bryzgalov without a rebound.
9:44 of 3rd period - Martin Havlat wins face-off versus Daniel Sedin in Jets zone.
9:47 of 3rd period - Slapshot by Martin Havlat.
9:47 of 3rd period - Stopped by Ilya Bryzgalov without a rebound.
9:48 of 3rd period - Jason Spezza wins face-off versus Daniel Sedin in Jets zone.
9:55 of 3rd period - Slapshot by Martin Havlat.
9:55 of 3rd period - Goal by Martin Havlat - Jets : 4 - Red Wings : 5.
9:56 of 3rd period - Jason Spezza wins face-off versus Derek Roy in neutral zone.
10:03 of 3rd period - Slapshot by Shea Weber.
10:03 of 3rd period - Stopped by Ilya Bryzgalov without a rebound.
10:04 of 3rd period - Derek Roy wins face-off versus Jason Spezza in Jets zone.
10:06 of 3rd period - Minor Penalty to Dustin Brown for Interference.
10:07 of 3rd period - Derek Roy wins face-off versus Jason Spezza in Jets zone.
10:39 of 3rd period - Slapshot by Richard Jackman.
10:39 of 3rd period - Deflect By Ales Hemsky.
10:39 of 3rd period - Shot Misses the Net.
10:39 of 3rd period - Puck is out of play.
10:40 of 3rd period - Daniel Sedin wins face-off versus Mike Richards in Jets zone.
10:40 of 3rd period - Daniel Sedin is hit by Sean Bergenheim.
11:30 of 3rd period - Snap shot by Fredrik Sjostrom.
11:30 of 3rd period - Stopped by Jonathan Quick without a rebound.
11:31 of 3rd period - Daniel Sedin wins face-off versus Jason Spezza in Red Wings zone.
11:34 of 3rd period - Wrist shot by Daniel Sedin.
11:34 of 3rd period - Goal by Daniel Sedin - Jets : 5 - Red Wings : 5.
11:35 of 3rd period - Derek Roy wins face-off versus Jason Spezza in neutral zone.
11:46 of 3rd period - Slapshot by Paul Martin.
11:46 of 3rd period - Shot Misses the Net.
12:06 of 3rd period - Penalty to Dustin Brown is over, Dustin Brown is back on ice.
12:12 of 3rd period - Wrist shot by Mike Richards.
12:12 of 3rd period - Shot Blocked by Adam Pardy.
12:22 of 3rd period - Snap shot by Nate Thompson.
12:22 of 3rd period - Stopped by Ilya Bryzgalov with a rebound.
12:27 of 3rd period - Minor Penalty to Richard Jackman for Roughing.
12:28 of 3rd period - Jason Spezza wins face-off versus Derek Roy in Red Wings zone.
12:56 of 3rd period - Snap shot by Mikko Koivu.
12:56 of 3rd period - Deflect By Daniel Sedin.
12:56 of 3rd period - Shot Blocked by Martin Havlat.
12:56 of 3rd period - Puck is out of play.
12:57 of 3rd period - Mike Richards wins face-off versus Mikko Koivu in Red Wings zone.
13:08 of 3rd period - Slapshot by Blake Wheeler.
13:08 of 3rd period - Shot Misses the Net.
13:10 of 3rd period - Wrist shot by Daniel Sedin.
13:10 of 3rd period - Stopped by Jonathan Quick without a rebound.
13:11 of 3rd period - Jason Spezza wins face-off versus Derek Roy in Red Wings zone.
13:47 of 3rd period - Slapshot by Dmitri Kalinin.
13:47 of 3rd period - Stopped by Jonathan Quick with a rebound.
13:49 of 3rd period - Wrist shot by Dustin Brown.
13:49 of 3rd period - Shot Misses the Net.
13:51 of 3rd period - Snap shot by Benoit Pouliot.
13:51 of 3rd period - Stopped by Jonathan Quick with a rebound.
13:53 of 3rd period - Snap shot by Derek Roy.
13:53 of 3rd period - Shot Misses the Net.
13:55 of 3rd period - Wrist shot by Kevin Klein.
13:55 of 3rd period - Deflect By Benoit Pouliot.
13:55 of 3rd period - Shot Misses the Net.
13:55 of 3rd period - Puck is out of play.
13:56 of 3rd period - Mikko Koivu wins face-off versus Jason Spezza in Red Wings zone.
14:14 of 3rd period - Icing by Anton Volchenkov.
14:15 of 3rd period - Jason Spezza wins face-off versus Mikko Koivu in Jets zone.
14:27 of 3rd period - Penalty to Richard Jackman is over, Richard Jackman is back on ice.
14:34 of 3rd period - Snap shot by Blake Wheeler.
14:34 of 3rd period - Stopped by Jonathan Quick without a rebound.
14:35 of 3rd period - Derek Roy wins face-off versus Mike Richards in Red Wings zone.
14:39 of 3rd period - Minor Penalty to Shea Weber for Hooking.
14:40 of 3rd period - Derek Roy wins face-off versus Jason Spezza in Red Wings zone.
15:18 of 3rd period - Snap shot by Mikko Koivu.
15:18 of 3rd period - Shot Misses the Net.
15:50 of 3rd period - Richard Jackman is hit by Mikko Koivu and loses puck.
16:39 of 3rd period - Penalty to Shea Weber is over, Shea Weber is back on ice.
16:51 of 3rd period - Jason Spezza is hit by Tomas Kopecky and loses puck.
17:17 of 3rd period - Slapshot by Alex Picard.
17:17 of 3rd period - Shot Blocked by Brendan Bell.
Goals for this period are 3 for Jets vs 4 for Red Wings.
Shots for this period are 14 for Jets vs 10 for Red Wings.

Overtime #1


0:01 of 1st overtime period - Derek Roy wins face-off versus Jason Spezza in neutral zone.
0:14 of 1st overtime period - Wrist shot by Benoit Pouliot.
0:14 of 1st overtime period - Shot Misses the Net.
0:16 of 1st overtime period - Wrist shot by Derek Roy.
0:16 of 1st overtime period - Stopped by Jonathan Quick without a rebound.
0:17 of 1st overtime period - Mikko Koivu wins face-off versus Mike Richards in Red Wings zone.
0:38 of 1st overtime period - Major / Game Misconduct Penalty to Paul Martin for Attempt to injure.
0:38 of 1st overtime period - Paul Martin is ejected from game.
0:39 of 1st overtime period - Derek Roy wins face-off versus Rick Nash in Red Wings zone.
0:44 of 1st overtime period - Wrist shot by Benoit Pouliot.
0:44 of 1st overtime period - Stopped by Jonathan Quick with a rebound.
1:10 of 1st overtime period - Slapshot by Dmitri Kalinin.
1:10 of 1st overtime period - Stopped by Jonathan Quick with a rebound.
1:12 of 1st overtime period - Snap shot by Blake Wheeler.
1:12 of 1st overtime period - Stopped by Jonathan Quick with a rebound.
2:39 of 1st overtime period - Blake Wheeler is hit by Nathan Oystrick and loses puck.
4:18 of 1st overtime period - Derek Roy is hit by Maxim Kondratiev.
5:27 of 1st overtime period - Icing by Dmitri Kalinin.
5:28 of 1st overtime period - Mike Richards wins face-off versus Mikko Koivu in Jets zone.
5:38 of 1st overtime period - Penalty to Paul Martin is over, Robert Dome is send on ice.
5:40 of 1st overtime period - Off-side.
5:41 of 1st overtime period - Zack Hamill wins face-off versus Jason Spezza in neutral zone.
5:46 of 1st overtime period - Slapshot by Adam Pardy.
5:46 of 1st overtime period - Deflect By Tomas Kopecky.
5:46 of 1st overtime period - Shot Blocked by Jason Spezza.
5:46 of 1st overtime period - Puck is out of play.
5:47 of 1st overtime period - Jason Spezza wins face-off versus Zack Hamill in Red Wings zone.
6:01 of 1st overtime period - Kevin Klein is hit by Richard Jackman and loses puck.
6:12 of 1st overtime period - Wrist shot by Jussi Jokinen.
6:12 of 1st overtime period - Stopped by Jonathan Quick with a rebound.
6:22 of 1st overtime period - Wrist shot by Rick Nash.
6:22 of 1st overtime period - Goal by Rick Nash - Jets : 5 - Red Wings : 6.
Goals for this period are 0 for Jets vs 1 for Red Wings.
Shots for this period are 5 for Jets vs 1 for Red Wings.